 Dungeon Crawl Stone Soup version 0.27.1-2-g3b301248ec (webtiles) character file.

Game seed: 9720120121271158718

100 barney the Changer (level 4, -5/35 HPs)
             Began as a Draconian Transmuter on Oct 1, 2021.
             Slain by a phantom (6 damage)
             ... on level 4 of the Dungeon.
             The game lasted 00:03:37 (3340 turns).

barney the Changer (Draconian Transmuter)           Turns: 3340, Time: 00:03:38

Health: -5/35      AC:  5    Str: 13    XL:     4   Next: 47%
Magic:  6/7        EV: 12    Int: 14    God:
Gold:   52         SH:  0    Dex: 11    Spells: 1/7 levels left

rFire    . . .     SeeInvis .     - Unarmed
rCold    . . .     Faith    .   (no shield)
rNeg     . . .     Spirit   .   (armour unavailable)
rPois    .         Reflect  .   (helmet currently unavailable)
rElec    .         Harm     .   (no cloak)
rCorr    .         Rampage  .   (no gloves)
Will     .....                  (boots currently unavailable)
Stlth    +.........             c - amulet of magic regeneration
HPRegen  0.11/turn              (no ring)
MPRegen  0.35/turn              (no ring)

@: appendages, very slightly contaminated
A: horns 2, talons 2, AC +5, unfitting armour, cold-blooded
a: End Transformation


You were on level 4 of the Dungeon.
You had temporarily grown beastly horns and talons.
You visited 1 branch of the dungeon, and saw 4 of its levels.

You collected 52 gold pieces.

Inventory:

Jewellery
 c - an amulet of magic regeneration (around neck)
Scrolls
 b - 2 scrolls of identify
Potions
 a - 2 potions of degeneration


   Skills:
 - Level 1.1 Fighting
 - Level 1.7 Dodging
 - Level 3.0 Unarmed Combat
 - Level 2.0 Spellcasting
 + Level 4.8 Transmutations


You had one spell level left.
You knew the following spells:

 Your Spells              Type           Power      Damage    Failure   Level
a - Beastly Appendage     Tmut           28%        N/A       3%          1
b - Spider Form           Tmut/Pois      4%         N/A       26%         3
c - Wereblood             Tmut           14%        N/A       4%          2

Your spell library contained the following spells:

 Spells                   Type           Power      Damage    Failure   Level
 Magic Dart               Conj           4%         1d3       24%         1
 Corpse Rot               Necr/Air       N/A        N/A       34%         2
 Poisonous Vapours        Pois/Air       2%         N/A       34%         2
 Searing Ray              Conj           2%         3d3       34%         2
 Ice Form                 Ice/Tmut       8%         N/A       65%         4
 Fulminant Prism          Conj/Hex       0%         3d6       93%         4
 Freezing Cloud           Conj/Ice/Air   0%         6-21      100%        5


Dungeon Overview and Level Annotations

Branches:
Dungeon (3/15)

Altars:

Shops:
D:2 *


Innate Abilities, Weirdness & Mutations

You have temporarily grown beastly horns and talons.
Your plain brown scales are hard. (AC +5)
You cannot fit into any form of body armour.
You are cold-blooded and may be slowed by cold attacks.


Message History

An adder skeleton comes into view.
Found a scroll labelled KUCYOT AWKIC.
The phantom barely misses you.
There is a stone staircase leading up here.
Casting: Beastly Appendage (safe; 3% risk of failure)
Confirm with . or Enter, or press ? or * to list all spells.
The spell is quite dangerous to cast (26% risk of failure)!
Continue anyway?
You miscast Spider Form.
You are very lightly contaminated with residual magic.
Nothing appears to happen.
The phantom hits you!
* * * LOW HITPOINT WARNING * * *
The phantom blinks!
You blink.
Your endoplasm closely misses the phantom.
Your scorpion stings the phantom but does no damage.
Your scorpion stings the phantom.
The ball python bites you.
* * * LOW HITPOINT WARNING * * *
The ball python grabs you. The ball python constricts you.
Your scorpion barely misses the phantom.
The ball python bites you but does no damage.
The ball python constricts you. The phantom hits you.
* * * LOW HITPOINT WARNING * * *
The phantom blinks!
You blink.
The ball python loses its grip on you.
Okay, then.
Your endoplasm hits the phantom but does no damage.
The ball python bites your scorpion but does no damage.
The ball python closely misses your scorpion.
Your endoplasm freezes the phantom.
The phantom is frozen.
The phantom completely resists.
Your scorpion barely misses the phantom.
The ball python closely misses your scorpion.
The ball python grabs your scorpion.
The ball python constricts your scorpion.
Your endoplasm misses the phantom. Your endoplasm hits the phantom.
The adder skeleton bites your endoplasm.
The ball python bites your scorpion but does no damage.
The ball python constricts your scorpion.
Your scorpion closely misses the ball python.
Your endoplasm hits the phantom but does no damage.
The phantom hits you.
You die...

....?......#................
........#..#....#....>.....#
........#.###...###.........
..........##.).##...........
...................).......#
......................###.##
.......<.............## ..#
##........Z......#....### #
#......SsJJ@............
...$.......W........#..#.
...................#####
...##............###
...........#.#...#
...........#.#....#
...##......##....#
...........#....##
###......... ...


You could see a phantom (ally target), a ball python (ally target), an adder
skeleton, a friendly scorpion (summoned) and 2 friendly endoplasms.

Vanquished Creatures
  Natasha (D:1)
  2 adders (D:2)
  A worm (D:2)
  6 endoplasms
  2 giant cockroaches
  5 goblins
  2 hobgoblins
  11 kobolds
  3 quokkas
  6 ball pythons
  5 bats
  6 frilled lizards
  4 rats
54 creatures vanquished.

Notes
Turn   | Place    | Note
-------+----------+-------------------------------------------
     0 | D:1      | barney the Draconian Transmuter began the quest for the
                  | Orb.
     0 | D:1      | Reached XP level 1. HP: 16/16 MP: 3/3
   458 | D:1      | Reached XP level 2. HP: 18/23 MP: 3/5
   713 | D:1      | Reached skill level 3 in Transmutations
  1412 | D:1      | Reached XP level 3. HP: 26/28 MP: 6/6
  1421 | D:1      | Learned a level 3 spell: Spider Form
  1424 | D:1      | Learned a level 2 spell: Wereblood
  1844 | D:2      | Noticed Natasha
  1919 | D:1      | Killed Natasha
  1920 | D:1      | Reached skill level 4 in Transmutations
  1920 | D:1      | Reached XP level 4. HP: 12/35 MP: 3/7
  2461 | D:2      | Found a faded altar of an unknown god.
  2609 | D:2      | Found Xoereom's Assorted Antiques.
  3303 | D:3      | You fall into a shaft and drop 1 floor!
  3314 | D:4      | Noticed a phantom
  3337 | D:4      | HP: 1/35 [phantom (5)]
  3340 | D:4      | Slain by a phantom

Illustrated notes

Levels and vault maps discovered:
D:1:      dpeg_arrival_prison, layout_basic
D:2:      layout_basic, serial_shops, nicolae_shop_statue_plus,
          hellmonk_ecumenical_altar_crossroads, patterned_corridor, uniq_natasha
D:3:      layout_loops_ring, serial_shops, shop, uniq_grinder
D:4:      layout_cave_pools, grunt_ministairs_8

Skill      XL: |  1  2  3 |
---------------+----------+-----
Transmutations | 3 4 |  4.8
Fighting       | |  1.1
Dodging        | |  1.7
Unarmed Combat | |  3.0
Spellcasting   | |  2.0

Action                   |  1- 3 |  4- 6 || total
-------------------------+-------+-------++-------
Melee: Unarmed           |   119 |    31 ||   150
       Tailslap          |     9 |       ||     9
       Headbutt          |     7 |       ||     7
       Kick              |     9 |       ||     9
       Punch             |     1 |       ||     1
 Cast: Beastly Appendage |    18 |     3 ||    21
       Spider Form       |     2 |     6 ||     8
       Wereblood         |     1 |       ||     1
  Use: Potion            |     3 |       ||     3
       Scroll            |       |     3 ||     3
 Stab: Sleeping          |     1 |       ||     1
Armor: Skin              |    38 |     6 ||    44
Dodge: Dodged            |    79 |    34 ||   113
